 Dungeon Crawl Stone Soup version 0.26-a0-259-g1effd001a9 (webtiles) character file.

Game seed: 1696834360812385752

909 HoaS the Grappler (level 8, -3/51 HPs)
             Began as a Gargoyle Gladiator on July 26, 2020.
             Was an Initiate of Makhleb.
             Slain by an orc warrior
             ... wielding a +0 battleaxe
              (13 damage)
             ... on level 4 of the Dungeon.
             The game lasted 00:10:23 (3444 turns).

HoaS the Grappler (Gargoyle Gladiator)              Turns: 3444, Time: 00:10:24

Health: -3/51      AC: 12    Str: 25    XL:     8   Next: 8%
Magic:  8/8        EV: 11    Int: 10    God:    Makhleb [......]
Gold:   237        SH:  0    Dex: 11    Spells: 7/7 levels left

rFire    . . .     SeeInvis .     - Unarmed
rCold    . . .     Faith    .   (no shield)
rNeg     + . .     Spirit   .   g - +0 scale mail
rPois    ∞         Reflect  .   b - +0 helmet
rElec    +         Harm     .   (no cloak)
rCorr    .                      (no gloves)
MR       .....                  (no boots)
Stlth    ..........             (no amulet)
HPRegen  0.17/turn              o - +6 ring of strength
MPRegen  0.11/turn              (no ring)

@: no status effects
A: negative energy resistance 1, electricity resistance, unbreathing,
petrification resistance, rot immunity, AC +5
a: Renounce Religion


You were on level 4 of the Dungeon.
You worshipped Makhleb.
Makhleb was noncommittal.
You were hungry.

You visited 2 branches of the dungeon, and saw 6 of its levels.

You collected 237 gold pieces.

Inventory:

Missiles
 h - 7 boomerangs (quivered)
 n - 20 poisoned darts
Armour
 b - a +0 helmet (worn)
 g - a +0 scale mail (worn)
Jewellery
 o - a +6 ring of strength (left hand)
Wands
 q - a wand of acid (13)
 r - a wand of enslavement (6)
Scrolls
 a - 2 scrolls of identify
 e - a scroll of teleportation
 l - 3 scrolls of remove curse
Potions
 f - 6 potions of heal wounds
 i - a potion of resistance {unknown}
 j - a potion of invisibility {unknown}
 k - 4 potions of stabbing {unknown}
 m - 2 potions of haste {unknown}
 p - a potion of lignification {unknown}
Comestibles
 d - 18 rations


   Skills:
 + Level 5.9 Fighting
 - Level 1.7 Throwing
 - Level 2.4 Dodging
 * Level 8.0 Unarmed Combat


You had 7 spell levels left.
You didn't know any spells.
Your spell library was empty.

Dungeon Overview and Level Annotations

Branches:
Dungeon (5/15)             Temple (1/1) D:5

Altars:
Ashenzari
Cheibriados
Kikubaaqudgha
Makhleb
Okawaru
Vehumet
Yredelemnul
Zin
The Shining One

Annotations:
D:4 3 runed translucent doors, melvinkitnick's ghost, amateur GrEE


Innate Abilities, Weirdness & Mutations

You are resistant to torment.
Your stone body is resilient. (AC +5)
You are immune to poison.
You resist negative energy. (rN+)
You are resistant to electric shocks. (rElec)
You can survive without breathing.
You are immune to petrification.
You are immune to rotting.


Message History

The orc priest is almost dead.
The orc warrior hits you but does no damage.
The orc priest hits you but does no damage.
You punch the orc priest!
You kill the orc priest!
Makhleb accepts your kill.
Your Unarmed Combat skill increases to level 8!
The orc warrior barely misses you.
Throwing (i - inventory. (/) - cycle)
c - 2 throwing nets (quivered)
Press: ? - help, Shift-Dir - straight line, f - orc warrior
Aim: an orc warrior, wielding a +0 battleaxe and wearing a +0 chain mail You throw a throwing net.
The throwing net closely misses the orc warrior.
Throwing (i - inventory. (/) - cycle)
c - a throwing net (quivered)
Press: ? - help, Shift-Dir - straight line, f/p - orc warrior
Aim: an orc warrior, wielding a +0 battleaxe and wearing a +0 chain mail You throw a throwing net.
The throwing net barely misses the orc warrior.
The orc warrior hits you with a +0 battleaxe!
You die...

...##.......# #.#
...##.......# #.#
...##.......# #.#
.#.##.......# ####.####
...##.......# #.......#
#####.......# #.##.##.#
############# #.##.##.#
...# #.)..##.# ##.#
#@#####.# ##.####
#o(.....#
.....)##########.#######
##.##...........(#
...############### ####


You could see an orc warrior.

Vanquished Creatures
  2 ice beasts (D:5)
  A phantom (D:4)
  An ogre (D:4)
  Blork the orc (D:4)
  2 scorpions
  4 orc priests
  A centaur skeleton (D:5)
  A jelly (D:5)
  An iguana (D:4)
  An orc wizard (D:3)
  A bullfrog skeleton (D:4)
  A worker ant (D:5)
  4 adders
  A worm (D:3)
  A dart slug (D:1)
  3 leopard geckos
  10 orcs
  2 ball pythons
  8 bats
  2 giant cockroaches
  3 goblins (D:3)
  10 hobgoblins
  2 jackals (D:3)
  4 quokkas
  6 frilled lizards
  6 kobolds
  A leopard gecko skeleton (D:5)
  A quokka skeleton (D:4)
  4 rats
85 creatures vanquished.

Notes
Turn   | Place    | Note
-------+----------+-------------------------------------------
     0 | D:1      | HoaS the Gargoyle Gladiator began the quest for the Orb.
     0 | D:1      | Reached XP level 1. HP: 12/12 MP: 1/1
   135 | D:1      | Reached XP level 2. HP: 14/18 MP: 2/2
   647 | D:2      | Reached XP level 3. HP: 20/22 MP: 3/3
   676 | D:2      | Reached skill level 4 in Unarmed Combat
  1123 | D:2      | Reached XP level 4. HP: 28/28 MP: 4/4
  1408 | D:3      | Noticed a sky beast
  1973 | D:3      | Reached XP level 5. HP: 30/32 MP: 5/5
  2032 | D:3      | Reached skill level 5 in Unarmed Combat
  2371 | D:4      | Reached XP level 6. HP: 29/38 MP: 6/6
  2580 | D:4      | Reached skill level 6 in Unarmed Combat
  2597 | D:4      | Noticed a phantom
  2626 | D:4      | Killed a phantom
  2874 | D:4      | Found a runed translucent gate.
  2874 | D:4      | Found a runed translucent gate.
  2874 | D:4      | Found a runed translucent gate.
  2875 | D:4      | Noticed melvinkitnick's ghost (amateur GrEE)
  2938 | D:4      | Reached skill level 5 in Fighting
  2938 | D:4      | Reached XP level 7. HP: 44/44 MP: 7/7
  2983 | D:4      | Noticed Blork the orc
  2993 | D:4      | Killed Blork the orc
  3061 | D:5      | Entered Level 5 of the Dungeon
  3083 | D:5      | Reached skill level 7 in Unarmed Combat
  3084 | D:5      | Found a staircase to the Ecumenical Temple.
  3094 | Temple   | Entered the Ecumenical Temple
  3103 | Temple   | Became a worshipper of Makhleb the Destroyer
  3359 | D:5      | Reached XP level 8. HP: 51/51 MP: 8/8
  3442 | D:4      | Reached skill level 8 in Unarmed Combat
  3444 | D:4      | Slain by an orc warrior

Illustrated notes

Levels and vault maps discovered:
D:1:      dpeg_arrival_windows_large_door, layout_rooms, serial_glass,
          glass_columns_c, glass_columns_b, minmay_vboxes
D:2:      layout_basic, chequers_jeans
D:3:      layout_loops_ring
D:4:      layout_loops_cross, first_ration, ebering_ghost_rock_garden,
          uniq_blork_the_orc
D:5:      layout_cave_pools, lemuel_coloured_pillars_altar,
          minmay_temple_entry_stoned_glass, minmay_misc_feat_rugged,
          chequers_serial_rivers_micro_e
Temple:   dpeg_three_leaves_temple

Skill      XL: |  1  2  3  4  5  6  7  8 |
---------------+-------------------------+-----
Fighting       | 3 4 5 |  5.9
Unarmed Combat | 4 5 6 7 8 |  8.0
Throwing       | |  1.7
Dodging        | |  2.4

Action                   |  1- 3 |  4- 6 |  7- 9 || total
-------------------------+-------+-------+-------++-------
Melee: Unarmed           |   132 |   220 |    49 ||   401
       Punch             |     1 |       |     2 ||     3
Throw: Throwing net      |       |     4 |     2 ||     6
  Use: Scroll            |     7 |     1 |     2 ||    10
 Stab: Held in net/web   |       |     2 |       ||     2
  Eat: Ration            |       |     2 |       ||     2
Armor: Leather armour    |     4 |       |       ||     4
       Ring mail         |    31 |       |       ||    31
       Scale mail        |    27 |    88 |    13 ||   128
Dodge: Dodged            |    68 |   116 |    23 ||   207

Table legend:
 A = Non-vault XP
 B = Vault XP
 C = Vault XP percentage of total XP
 D = Non-vault monster count
 E = Vault monster count
 F = Vault count percentage of total count
                 A         B        C        D         E       F
            +---------+---------+-------+---------+---------+-------
      Total |    1193 |     106 |   8.2 |      75 |      10 |  11.8
            +---------+---------+-------+---------+---------+-------
        D:1 |      15 |      15 |  50.0 |       8 |       9 |  52.9
        D:2 |      53 |       0 |   0.0 |      10 |       0 |   0.0
        D:3 |     231 |       0 |   0.0 |      37 |       0 |   0.0
        D:4 |     427 |      91 |  17.6 |       8 |       1 |  11.1
        D:5 |     467 |       0 |   0.0 |      12 |       0 |   0.0
            +---------+---------+-------+---------+---------+-------
